 Dungeon Crawl Stone Soup version 0.26.1-11-gd32895ea62 (webtiles) character file.

Game seed: 4033244000270189918

536 infcreate the Skirmisher (level 7, -2/44 HPs)
             Began as a Gargoyle Fighter on May 17, 2021.
             Was an Initiate of Okawaru.
             Slain by an ogre
             ... wielding a +0 giant club
              (13 damage)
             ... on level 4 of the Dungeon.
             The game lasted 00:07:46 (3202 turns).

infcreate the Skirmisher (Gargoyle Fighter)         Turns: 3202, Time: 00:07:47

Health: -2/44      AC: 17    Str: 20    XL:     7   Next: 25%
Magic:  8/8        EV:  5    Int:  9    God:    Okawaru [......]
Gold:   210        SH:  9    Dex: 10    Spells: 6/6 levels left

rFire    . . .     SeeInvis .   a - +2 flail
rCold    . . .     Faith    .   c - +0 kite shield
rNeg     + . .     Spirit   .   l - +0 chain mail
rPois    ∞         Reflect  .   o - +0 helmet
rElec    +         Harm     .   f - +0 cloak
rCorr    +         Rampage  .   (no gloves)
Will     .....                  (no boots)
Stlth    ..........             (no amulet)
HPRegen  0.14/turn              R - ring of resist corrosion
MPRegen  0.11/turn              (no ring)

@: no status effects
A: negative energy resistance 1, electricity resistance, unbreathing,
petrification resistance, miasma immunity, AC +4
a: Renounce Religion


You were on level 4 of the Dungeon.
You worshipped Okawaru.
Okawaru was noncommittal.
You visited 2 branches of the dungeon, and saw 5 of its levels.

You collected 210 gold pieces.


Innate Abilities, Weirdness & Mutations

You are resistant to torment.
Your stone body is resilient. (AC +4)
You are immune to poison.
You resist negative energy. (rN+)
You are resistant to electric shocks. (rElec)
You can survive without breathing.
You are immune to petrification.
You are immune to miasma.


   Skills:
 + Level 5.2 Fighting
 + Level 4.0 Maces & Flails
 + Level 5.1 Armour
 + Level 5.1 Shields
 + Level 1.4 Invocations


You had 6 spell levels left.
You didn't know any spells.
Your spell library was empty.

Inventory:

Hand Weapons
 a - a +2 flail (weapon)
Armour
 b - a +0 scale mail
 c - a +0 kite shield (worn)
 f - a +0 cloak (worn)
 l - a +0 chain mail (worn)
 o - a +0 helmet (worn)
Jewellery
 p - an uncursed ring of see invisible {unknown}
 R - a ring of resist corrosion (left hand)
Wands
 r - a wand of random effects (16)
Scrolls
 j - 2 scrolls of amnesia
 k - 4 scrolls of identify {@r1}
Potions
 d - a potion of might
 e - 2 potions of curing {unknown}
 g - a potion of haste {unknown}
 h - a potion of heal wounds {unknown}
 i - a potion of brilliance {unknown}
 m - a potion of flight {unknown}
 n - a potion of lignification {unknown}
 q - a potion of magic {unknown}
 s - a potion of ambrosia {unknown}

Dungeon Overview and Level Annotations

Branches:
Dungeon (4/15)             Temple (1/1) D:4

Altars:
Ashenzari
Dithmenos
Elyvilon
Fedhas
Gozag
Hepliaklqana
Kikubaaqudgha
Okawaru
Sif Muna
Trog
Vehumet
Xom
Yredelemnul
Zin

Annotations:
D:3 2 runed translucent doors, alexmat1498's ghost, amateur DsFi

#. #.. .# ... ###
#### . ... .. #.
#.. #.# .###. ..
..#. ###.# ### #.##
#.... ..# ##)##
#.#O#.# ## #.†)[
##..@## #..####.###
#..#..# ##......##
##...##
##........## ##.##
#..........) #...#
#........... ##.##
#...........
#.######...........
#.#.)..#...........
#.#.##...........#.


You could see an ogre.


Message History

Okawaru accepts your kill.
Things that are here:
a +0 giant club; a worm corpse; an ogre corpse
s - an emerald potion Magic restored.
An adder comes into view.
The adder hisses angrily.
You hear a shout!
An adder is nearby!
You thump the adder!
You kill the adder!
Okawaru accepts your kill.
No target in view!
No target in view!
An ogre comes into view. It is wielding a +0 giant club.
You see here an adder corpse.
You hit the ogre.
The ogre is moderately wounded.
You block the ogre's attack.
You hit the ogre.
The ogre is heavily wounded.
The ogre hits you with a +0 giant club!
You sock the ogre!
The ogre is almost dead.
The ogre hits you with a +0 giant club!!
* * * LOW HITPOINT WARNING * * *
You are too injured to fight recklessly!
You completely miss the ogre.
The ogre is almost dead.
The ogre hits you with a +0 giant club!
You die...

Skill      XL: |  1  2  3  4  5  6  7 |
---------------+----------------------+-----
Fighting       | 4 5 |  5.2
Armour         | 4 5 |  5.1
Shields        | 4 5 |  5.1
Maces & Flails | 3 4 |  4.0
Invocations    | 1 |  1.4

Action                   |  1- 3 |  4- 6 |  7- 9 || total
-------------------------+-------+-------+-------++-------
Melee: Flail             |   157 |   156 |    18 ||   331
  Use: Scroll            |     4 |       |       ||     4
Armor: Scale mail        |    43 |       |       ||    43
       Chain mail        |    47 |    98 |     3 ||   148
Dodge: Dodged            |    38 |    39 |       ||    77
Block: Kite shield       |    59 |    81 |     5 ||   145

Levels and vault maps discovered:
D:1:      lightli_arrival_windingriver, layout_basic,
          hangedman_decor_diamond_cutter, minmay_splitting_lines
D:2:      layout_basic, lemuel_round_altar
D:3:      layout_rooms, general_overflow_altar, ebering_ghost_sewer_f
D:4:      minmay_spotlight, layout_rooms, tso_altar,
          nicolae_ru_sacrificial_ziggurat, temple_pool_b
Temple:   nicolae_temple_hex_pool

Notes
Turn   | Place    | Note
-------+----------+-------------------------------------------
     0 | D:1      | infcreate the Gargoyle Fighter began the quest for the Orb.
     0 | D:1      | Reached XP level 1. HP: 14/14 MP: 1/1
   115 | D:1      | Reached XP level 2. HP: 19/19 MP: 2/2
   812 | D:2      | Reached XP level 3. HP: 23/23 MP: 3/3
   830 | D:2      | Found a bloodstained altar of Trog.
  1708 | D:3      | Reached XP level 4. HP: 29/29 MP: 4/4
  1725 | D:3      | Reached skill level 4 in Fighting
  1725 | D:3      | Reached skill level 4 in Armour
  1725 | D:3      | Reached skill level 4 in Shields
  1760 | D:3      | Reached skill level 3 in Maces & Flails
  1760 | D:3      | Reached XP level 5. HP: 13/33 MP: 5/5
  2029 | D:3      | Found a shimmering blue altar of Sif Muna.
  2056 | D:3      | Found a runed translucent door.
  2059 | D:3      | Noticed alexmat1498's ghost (amateur DsFi)
  2080 | D:3      | Found a runed translucent door.
  2374 | D:4      | Found a staircase to the Ecumenical Temple.
  2398 | D:4      | Reached XP level 6. HP: 8/39 MP: 6/6
  2699 | Temple   | Entered the Ecumenical Temple
  2998 | Temple   | Became a worshipper of Warmaster Okawaru
  3052 | D:4      | Reached skill level 5 in Fighting
  3079 | D:4      | Reached skill level 5 in Armour
  3079 | D:4      | Reached skill level 1 in Invocations
  3079 | D:4      | Reached XP level 7. HP: 37/44 MP: 7/7
  3178 | D:4      | Reached skill level 4 in Maces & Flails
  3178 | D:4      | Reached skill level 5 in Shields
  3202 | D:4      | Slain by an ogre

Vanquished Creatures
  2 ogres (D:4)
  An orc priest (D:4)
  2 worker ants (D:4)
  3 orc wizards
  A hound skeleton (D:4)
  6 gnolls
  5 adders
  2 adder skeletons (D:4)
  4 worms
  A dart slug (D:2)
  2 leopard geckos
  6 orcs
  7 bats
  5 giant cockroaches
  8 goblins
  5 hobgoblins
  3 jackals (D:3)
  3 quokkas
  6 frilled lizards
  7 kobolds
  8 rats
87 creatures vanquished.

Table legend: (Time is in decaauts)
 A = Elapsed time spent in this place.
 B = Non-inter-level travel time spent in this place.
 C = Inter-level travel time spent in this place.
 D = Time resting spent in this place.
 E = Time spent auto-exploring this place.
 F = Levels seen in this place.
 G = Mean time per level.
                   A        B        C        D        E       F      G
               +--------+--------+--------+--------+--------+-----+--------+
         Total |   3316 |   3134 |    182 |      5 |   2340 |   5 |  663.2 |
       Dungeon |   3013 |   2848 |    165 |      5 |   2059 |   4 |  753.2 |
        Temple |    302 |    285 |     17 |      0 |    281 |   1 |  302.0 |
               +--------+--------+--------+--------+--------+-----+--------+

Top non-repeatable levels by time:
     D:2: 901 daAuts
     D:1: 759 daAuts
     D:3: 727 daAuts
     D:4: 625 daAuts
  Temple: 302 daAuts

Table legend:
 A = Non-vault XP
 B = Vault XP
 C = Vault XP percentage of total XP
 D = Non-vault monster count
 E = Vault monster count
 F = Vault count percentage of total count
                 A         B        C        D         E       F
            +---------+---------+-------+---------+---------+-------
      Total |     626 |     140 |  18.3 |      84 |       3 |   3.4
            +---------+---------+-------+---------+---------+-------
        D:1 |      26 |       0 |   0.0 |      16 |       0 |   0.0
        D:2 |      40 |       0 |   0.0 |      18 |       0 |   0.0
        D:3 |     204 |       0 |   0.0 |      32 |       0 |   0.0
        D:4 |     356 |     140 |  28.2 |      18 |       3 |  14.3
            +---------+---------+-------+---------+---------+-------
